 Dungeon Crawl Stone Soup version 0.28-a0-691-gad6df49e81 (webtiles) character file.

Game seed: 1275406656102838006

137 kae the Insei (level 5, -5/42 HPs)
             Began as a Draconian Transmuter on Oct 20, 2021.
             Slain by a gnoll (14 damage)
             ... on level 3 of the Dungeon.
             The game lasted 00:02:06 (2683 turns).

kae the Insei (Draconian Transmuter)                Turns: 2683, Time: 00:02:06

Health: -5/42      AC:  2    Str: 12    XL:     5   Next: 0%
Magic:  4/8        EV: 19    Int: 14    God:
Gold:   34         SH:  0    Dex: 17    Spells: 4/8 levels left

rFire   . . .      SeeInvis .     - Unarmed
rCold   . . .      Faith    .   (shield currently unavailable)
rNeg    . . .      Spirit   .   (armour unavailable)
rPois   x          Reflect  .   (helmet currently unavailable)
rElec   .          Harm     .   (cloak currently unavailable)
rCorr   .          Rampage  .   (gloves currently unavailable)
Will    .....                   (boots currently unavailable)
Stlth   ++........              (no amulet)
HPRegen 0.14/turn               (no ring)
MPRegen 0.11/turn               (no ring)

@: spider-form (expiring)
A: venomous fangs, AC +5, tiny, unfitting armour, (cold-blooded)
a: End Transformation


You were on level 3 of the Dungeon.
You were a venomous arachnid creature.
You visited 1 branch of the dungeon, and saw 3 of its levels.

You collected 89 gold pieces.
You spent 55 gold pieces at shops.

Inventory:

Wands
 i - a wand of acid (8)
Scrolls
 a - a scroll of vulnerability {unknown}
 b - a scroll of teleportation {unknown}
 c - a scroll of noise {unknown}
 d - 2 scrolls of amnesia {unknown}
 e - a scroll of fear {unknown}
 f - 2 scrolls of identify
 g - a scroll of magic mapping
Potions
 h - a potion of brilliance {unknown}


   Skills:
 + Level 2.4 Fighting
 - Level 1.7 Dodging
 * Level 4.2 Unarmed Combat
 - Level 2.0 Spellcasting
 * Level 2.9 Transmutations
 * Level 1.8 Poison Magic


You had 4 spell levels left.
You knew the following spells:

 Your Spells              Type           Power      Damage    Failure   Level
a - Beastly Appendage     Tmut           18%        N/A       19%         1
b - Spider Form           Tmut/Pois      4%         N/A       47%         3

Your spell library contained the following spells:

 Spells                   Type           Power      Damage    Failure   Level
 Wereblood                Tmut           9%         N/A       26%         2
 Ignite Poison            Fire/Tmut/Pois 5%         N/A       58%         3
 Mephitic Cloud           Conj/Pois/Air  3%         N/A       71%         3
 Ice Form                 Ice/Tmut       5%         N/A       91%         4
 Freezing Cloud           Conj/Ice/Air   0%         6-21      100%        5


Dungeon Overview and Level Annotations

Branches:
Dungeon (3/15)

Altars:
Wu Jian

Shops:
D:2 ?


Innate Abilities, Weirdness & Mutations

You are a venomous arachnid creature.
You have poisonous fangs.
You are tiny and dextrous.
Your spellcasting is less reliable in this form.
Your armour is entirely melded.
You are incapable of wielding weapons or throwing items.
((Your plain brown scales are hard. (AC +5)))
You cannot fit into any form of body armour.
((You are cold-blooded and may be slowed by cold attacks.))


Message History

Confirm with . or Enter, or press ? or * to list all spells.
The spell is quite dangerous to cast (26% risk of failure)!
Continue anyway? [Y]es or [N]o only, please.
The spell is quite dangerous to cast (26% risk of failure)!
Continue anyway?
You turn into a venomous arachnid creature.
You start resting.
HP restored.
A gnoll is nearby!
The gnoll closely misses you.
You see here a +0 flail.
You hit the orc but do no damage.
The orc is poisoned.
The gnoll misses you. The orc hits you but does no damage.
The orc closely misses you.
You hit the orc.
The orc looks as sick as possible!
The orc is heavily wounded.
You kill the orc!
The gnoll misses you. x2; The orc closely misses you.
You hit the orc.
The orc is poisoned.
The orc is heavily wounded.
Your transformation is almost over.
The gnoll closely misses you.
The gnoll hits you from afar with a +0 halberd.
The orc hits you with a +0 trident.
You barely miss the orc.
The orc is heavily wounded.
The gnoll completely misses you. The gnoll closely misses you.
The orc hits you with a +0 trident!
You hit the orc.
You kill the orc!
The gnoll misses you.
The gnoll hits you from afar with a +0 halberd!
* * * LOW HITPOINT WARNING * * *
You have reached level 5!
You feel better.
The gnoll hits you from afar with a +0 halberd!
* * * LOW HITPOINT WARNING * * *
The gnoll closely misses you.
You see here a dart slug corpse.
There is a stone staircase leading up here.
The gnoll hits you from afar with a +0 halberd!
You die...

* ****,,,,,,,,,,**,,,,,,,** *
**##...##..,,,,**,,,,,** *
*,........#*.#..##***** *
*,#.....>..*.w...#****** *
**,#........,.......,,,,***
***,,........#*.......,**,,,,
**,,,*#.......##......,,****,,
****,,,**#[.......#......,,****,*
*,,,,*,* #......s.g####.#,,,,,*,*
,,****,* #.......#.†.##.##***,*,*
*** *,* #.......###g##..# *,,,* *
*,* #####.#..*#)).#.###**,,*
******,*****#..##.*###.....##**,*
**,,,,,,,,*#..#**..,*###....#**,*
,,,,,,,,,,*#.#* *##,,,*#....##,,,
**,,,,,,,,*#.**** ***,*#.....#,,<
**,,,,,,,,,,,,,,****,,#....#_....


You could see 2 gnolls.

Vanquished Creatures
  Robin (D:1)
  2 gnolls (D:3)
  3 adders
  A worm (D:2)
  3 dart slugs
  2 orcs (D:3)
  A bat (D:1)
  4 endoplasms (D:1)
  13 goblins
  8 hobgoblins
  6 jackals
  2 quokkas
  4 ball pythons
  2 frilled lizards
  5 kobolds (D:1)
  6 rats
63 creatures vanquished.

Vanquished Creatures (others)
  3 plants (D:1)
  4 withered plants (D:1)
7 creatures vanquished.

Grand Total: 70 creatures vanquished

Notes
Turn   | Place    | Note
-------+----------+-------------------------------------------
     0 | D:1      | kae the Draconian Transmuter began the quest for the Orb.
     0 | D:1      | Reached XP level 1. HP: 16/16 MP: 3/3
   267 | D:1      | Found a faded altar of an unknown god.
   344 | D:1      | Reached XP level 2. HP: 20/23 MP: 3/5
   936 | D:1      | Reached XP level 3. HP: 29/29 MP: 4/6
  1497 | D:2      | Noticed Robin
  1512 | D:1      | Learned a level 3 spell: Spider Form
  1714 | D:1      | Killed Robin
  1720 | D:1      | Reached skill level 4 in Unarmed Combat
  1720 | D:1      | Reached XP level 4. HP: 11/36 MP: 4/7
  1981 | D:2      | Reached skill level 1 in Poison Magic
  2332 | D:2      | Found Loal's Magic Scroll Emporium.
  2341 | D:2      | Bought a scroll of identify for 20 gold pieces
  2341 | D:2      | Bought a scroll of magic mapping for 35 gold pieces
  2593 | D:3      | Found an ornate altar of the Wu Jian Council.
  2678 | D:3      | Reached XP level 5. HP: 10/42 MP: 4/8
  2683 | D:3      | Slain by a gnoll

Illustrated notes

Levels and vault maps discovered:
D:1:      heliophobic_arrival_dark_side_of_the_moon, layout_loops_ring,
          shapermc_ecumenical_altar_flowoftime
D:2:      layout_rooms, serial_aquarium, aquarium_bridge_square
          [aquarium_subvault_bridge, aquarium_subvault_window,
          aquarium_subvault_bridge, aquarium_subvault_wall],
          aquarium_bridge_straight [aquarium_subvault_bridge,
          aquarium_subvault_wall, aquarium_subvault_bridge,
          aquarium_subvault_window], aquarium_window_corner,
          aquarium_window_corridor_2, aquarium_window_double, aquarium_view_2a,
          aquarium_view_2c, serial_shops, shop, grunt_decor_one_mirror,
          hangedman_decor_points, uniq_robin
D:3:      layout_rooms, overflow_temple_1_default, portal_sewer_entry_e,
          uniq_jessica

Skill      XL: |  1  2  3  4 |
---------------+-------------+-----
Fighting       | 2 |  2.4
Unarmed Combat | 4 |  4.2
Poison Magic   | 1 |  1.8
Dodging        | |  1.7
Spellcasting   | |  2.0
Transmutations | |  2.9

Action                   |  1- 3 |  4- 6 || total
-------------------------+-------+-------++-------
Melee: Unarmed           |   141 |    59 ||   200
       Kick              |    11 |     4 ||    15
       Tailslap          |    16 |     6 ||    22
       Headbutt          |     6 |     3 ||     9
       Punch             |     1 |       ||     1
 Cast: Beastly Appendage |    15 |     7 ||    22
       Spider Form       |     3 |     4 ||     7
  Use: Potion            |     1 |     1 ||     2
       Scroll            |       |     1 ||     1
Armor: Skin              |    40 |    14 ||    54
Dodge: Dodged            |   100 |    44 ||   144

Table legend: (Time is in decaauts)
 A = Elapsed time spent in this place.
 B = Non-inter-level travel time spent in this place.
 C = Inter-level travel time spent in this place.
 D = Time resting spent in this place.
 E = Time spent auto-exploring this place.
 F = Levels seen in this place.
 G = Mean time per level.
                   A        B        C        D        E       F      G
               +--------+--------+--------+--------+--------+-----+--------+
         Total |   2672 |   2631 |     41 |    450 |   1713 |   3 |  890.7 |
       Dungeon |   2672 |   2631 |     41 |    450 |   1713 |   3 |  890.7 |
               +--------+--------+--------+--------+--------+-----+--------+

Top non-repeatable levels by time:
     D:1: 1951 daAuts
     D:2: 625 daAuts
     D:3: 96 daAuts
